 Dungeon Crawl Stone Soup version 0.29.1-14-g9c671dbff4 (webtiles) character file.

Game seed: 16888040250776043927

45 Ast3rio the Trooper (level 3, 0/29 HPs)
             Began as a Demonspawn Abyssal Knight on Feb 15, 2023.
             Was a Priest of Lugonu.
             Slain by a centaur (2 damage)
             ... on level 3 of the Dungeon.
             The game lasted 00:09:28 (1856 turns).

Ast3rio the Trooper (Demonspawn Abyssal Knight)     Turns: 1856, Time: 00:09:30

Health: 0/29       AC:  3    Str: 15    XL:     3   Next: 42%
Magic:  4/4        EV: 11    Int: 11    God:    Lugonu [***...]
Gold:   71         SH:  0    Dex: 13    Spells: 2/2 levels left

rFire   . . .      SeeInvis .   e - +0 arbalest
rCold   . . .      Faith    .   (shield currently unavailable)
rNeg    . . .      Spirit   .   b - +0 leather armour
rPois   .          Reflect  .   (no helmet)
rElec   .          Harm     .   (no cloak)
rCorr   .          Rampage  .   (no gloves)
Will    .....                   (no boots)
Stlth   +.........              (no amulet)
HPRegen 0.09/turn               (no ring)
MPRegen 0.09/turn               (no ring)

@: attractive
A: hooves 2
a: Renounce Religion, Depart the Abyss, Bend Space, Banish


You were on level 3 of the Dungeon.
You worshipped Lugonu.
Lugonu was most pleased with you.
You visited 1 branch of the dungeon, and saw 3 of its levels.
You visited the Abyss 1 time.

You collected 71 gold pieces.

Inventory:

Hand Weapons
 a - a +1 short sword
 e - a +0 arbalest (weapon)
Armour
 b - a +0 leather armour (worn)
Jewellery
 p - a ring of wizardry
Scrolls
 c - 5 scrolls of teleportation {unknown}
 h - a scroll of acquirement {unknown}
 i - a scroll of poison {unknown}
 j - a scroll of butterflies {unknown}
 k - 4 scrolls of identify {unknown}
 l - a scroll of brand weapon {unknown}
 n - 2 scrolls of enchant weapon {unknown}
 r - a scroll of magic mapping {unknown}
 s - a scroll of vulnerability {unknown}
Potions
 d - a potion of attraction
 f - a potion of degeneration {unknown}
 g - 2 potions of haste {unknown}
 m - a potion of might {unknown}
 o - a potion of heal wounds {unknown}
 q - a potion of curing {unknown}
 t - a potion of berserk rage {unknown}
 u - 2 potions of magic {unknown}


   Skills:
 + Level 3.6 Fighting
 + Level 2.2 Short Blades
 + Level 1.0 Ranged Weapons
 + Level 2.0 Armour
 + Level 1.2 Dodging
 + Level 2.5 Invocations


You had 2 spell levels left.
You didn't know any spells.
Your spell library contained the following spells:

 Spells                   Type           Power      Damage    Failure   Level
 Apportation              Tloc           0%         N/A       41%         1
 Necrotise                Necr           0%         1d4       41%         1
 Summon Small Mammal      Summ           0%         N/A       41%         1


Dungeon Overview and Level Annotations

Branches:
Dungeon (3/15)

Altars:


Innate Abilities, Weirdness & Mutations

You have hoof-like feet.


Message History

The bat closely misses you. The bat closely misses you.
Found 2 amethyst potions.
The bat barely misses you. The bat hits you.
You barely miss the bat. The bat hits you. The bat hits you but does no damage.
You see here 2 amethyst potions.
You hit the bat but do no damage. Your punch misses the bat. The bat hits you.
The bat misses you.
The bat barely misses you. x2; The bat misses you.
Okay, then.
You hit the bat.
You kill the bat!
Lugonu accepts your kill.
u - 2 amethyst potions It was a potion of attraction.
You feel attractive to monsters.
A centaur comes into view.
The centaur shouts!
The centaur wields a +0 shortbow.
The centaur shoots an arrow.
The arrow hits you. The centaur is attracted toward you.
You aren't in the Abyss!
e - a +0 arbalest (weapon)
Okay, then.
A quokka comes into view.
Found a club.
The centaur shoots an arrow.
The arrow misses you. The centaur is attracted toward you.
The quokka is attracted toward you.
Fire: e) +0 arbalest
Press: ? - help, Q - select action, (/) - cycle Shift-Dir - straight line, f - centaur
Aim: a centaur, wielding a +0 shortbow (64% to hit)
You shoot a bolt. The bolt hits the centaur.
The centaur is lightly wounded.
The centaur unwields a +0 shortbow.
The centaur hits you.
* * * LOW HITPOINT WARNING * * *
The centaur kicks you but does no damage.
The centaur hits you.
* * * LOW HITPOINT WARNING * * *
The centaur kicks you but does no damage.
The centaur hits you.
You die...

... ... )§§. ... ...## ..#
.... ..### #..###....
#§.r.... ### #..c..# #.#
##@.# #.
#.##########..######...
#.....................
#.#########.......###
####.#########.......#
.....................##
...#.#######..#..........
##....######.##.......##..
##.##...)..†.###.#....#


You could see a centaur and a quokka.

Vanquished Creatures
  A worm (D:2)
  6 ball pythons
  5 endoplasms
  4 giant cockroaches (D:2)
  8 goblins
  2 hobgoblins
  2 quokkas
  3 bats (D:3)
  3 frilled lizards
  A kobold (D:2)
  2 rats
37 creatures vanquished.

Notes
Turn   | Place    | Note
-------+----------+-------------------------------------------
     0 | Abyss:1  | Ast3rio the Demonspawn Abyssal Knight began the quest for
                  | the Orb.
     0 | Abyss:1  | Reached XP level 1. HP: 18/18 MP: 2/2
     1 | D:1      | Escaped the Abyss
   348 | D:1      | Discovered your monstrous ancestry.
   348 | D:1      | Gained mutation: You have large cloven feet. [demonic
                  | ancestry]
   348 | D:1      | Reached XP level 2. HP: 24/24 MP: 3/3
   376 | D:1      | Reached skill level 1 in Dodging
  1335 | D:2      | Gained mutation: You have hoof-like feet. [demonic
                  | ancestry]
  1335 | D:2      | Reached XP level 3. HP: 29/29 MP: 4/4
  1369 | D:2      | Found a faded altar of an unknown god.
  1478 | D:2      | Reached *** piety under Lugonu
  1830 | D:3      | Reached skill level 1 in Ranged Weapons
  1853 | D:3      | Noticed a centaur
  1856 | D:3      | Slain by a centaur

Illustrated notes

Levels and vault maps discovered:
D:1:      amcnicky_arrival_underground_garden, layout_loops_corners
D:2:      layout_basic, shapermc_ecumenical_altar_hornbeckon,
          minmay_worlds_worst_comb
D:3:      layout_rooms, lemuel_tele_altar

Skill      XL: |  1  2  3 |
---------------+----------+-----
Armour         | 2 |  2.0
Dodging        | 1 |  1.2
Short Blades   | 2 |  2.2
Ranged Weapons | 1 |  1.0
Fighting       | |  3.6
Invocations    | |  2.5

Action                   || total
-------------------------++-------
Melee: Short sword       ||    43
       Kick              ||     6
 Fire: Arbalest          ||    51
  Use: Potion            ||     1
Armor: Leather armour    ||    23
Dodge: Dodged            ||    68
